[Event "ESP-chT Honor Division 2022"]
[Site "Linares"]
[Date "2022.09.20"]
[Round "4.22"]
[White "Forcen Esteban, Daniel"]
[Black "Muzychuk, Anna"]
[Result "1/2-1/2"]
[ECO "A34"]
[WhiteElo "2580"]
[BlackElo "2526"]
[Annotator "TA"]
[PlyCount "98"]
[EventDate "2022.09.17"]
[EventType "team-tourn"]
[EventCountry "ESP"]
[SourceTitle "playchess.com"]
[Source "ChessBase"]
[SourceQuality "1"]
[TimeControl "5400+30"]

1. c4 c5 2. Nc3 g6 3. d4 cxd4 4. Qxd4 Nf6 5. g3 Nc6 6. Qd2 Bg7 7. Bg2 {[%emt 0:00:05] CPLX 2.0} d6 {[%emt 0:04:06] CPLX 2.0 36 (0-0) (=36). A34: Symmetrical English: 2 Nc3, lines with ...d5.} 8. b3 {[%emt 0:04:37] BESTDEEP} O-O {[%emt 0:13:10][%cal Od6d5] CPLX 2.1 0 (Qd8-a5) (=18)} 9. Bb2 {[%emt 0:00:18] CPLX 2.2} Qa5 {[%emt 0:03:05] BESTDEEP} 10. e4 Bd7 {[%emt 0:16:32] BESTDEEP} 11. Nge2 a6 {[%emt 0:00:18] [#] BESTDEEP} 12. Rd1 $146 {[%emt 0:15:04][%cal Ba1d1,Bd1d2,Bd2d6][%mdl 32] BESTDEEP} ({Predecessor:} 12. a3 Qb6 13. Qc2 Na5 14. Nc1 Rac8 15. O-O Qc7 16. N1a2 b5 17. cxb5 axb5 18. Rab1 Qb8 19. Ba1 Be6 20. Qd1 Rfe8 {½-½ (20) Hoeksema,H (2405)-Van der Wiel,J (2565) Leeuwarden 1993}) 12... b5 {[%emt 0:05:16] BESTDEEP} 13. Nd5 {[%emt 0:00:17] CPLX 2.6} Qxd2+ {[%emt 0:16:42] CPLX 3.6} 14. Rxd2 {[%emt 0:00:15] RECAPT} bxc4 {[%emt 0:00:42] BESTDEEP} 15. Nxf6+ {[%emt 0:02:11] EASY} Bxf6 {[%emt 0:05:37] RECAPT} 16. Bxf6 {[%emt 0:00:13] RECAPT} exf6 {[%emt 0:00:02] RECAPT} 17. Rxd6 {[%emt 0:00:07] BESTDEEP} Ne5 {[%emt 0:01:58] CPLX 2.5 4 (Rf8-d8) (=4)} 18. f4 {[%emt 0:16:50] BESTDEEP} (18. Rxf6 Rfd8 19. Rd6 Bg4 $15) 18... Nd3+ {[%emt 0:00:12] CPLX 2.5} 19. Kd2 {[%emt 0:00:04] EASY} Rfd8 {[%emt 0:08:51] CPLX 2.7 31 (Ra8-d8) (=5)} 20. e5 {[%emt 0:10:04] CPLX 2.8} (20. Rxf6 Nf2 21. Rb1 cxb3 22. axb3 Bg4+ 23. Ke3 (23. Ke1 $2 Nd3+ 24. Kf1 Rac8 $19) 23... Nd1+ 24. Rxd1 Rxd1 $19) 20... Rac8 {[%emt 0:06:01] CPLX 3.3} 21. Bb7 {[%emt 0:03:54] CPLX 3.2 53 (b3xc4) (=4)} (21. exf6 Bg4 22. Rd4 (22. Rxd8+ Rxd8 23. Kc3 cxb3 $17) 22... cxb3 23. axb3 Nc5 $11) (21. Rxa6 fxe5 22. Rd6 exf4 $17) (21. Rxf6 $2 Bc6 $1 22. Bxc6 Nxe5+ 23. Kc3 Nxc6 24. bxc4 Na5 $19) (21. bxc4 $14 Nc5 22. Nd4 (22. exf6 Bc6 $11)) 21... Rb8 $11 {[%emt 0:00:50] CPLX 3.3} 22. bxc4 {[%emt 0:01:32] EASY} Nc5 {[%emt 0:02:06] CPLX 3.3 41 (f6xe5) (=7)} 23. Bd5 {[%emt 0:03:05] CPLX 3.0 23 (Bb7-f3) (=4)} Rb2+ {[%emt 0:02:27] CPLX 2.8 0 (f6xe5) (=7)} 24. Ke3 {[%emt 0:00:04] EASY} Rxa2 {[%emt 0:01:19] MISS-f6xe5 51 (f6xe5) (=9)} (24... fxe5 $11 25. fxe5 Rxa2) 25. Bc6 $2 {[%emt 0:04:15] RELBLUND 160 (Ne2-c1) (=12)} (25. Nc1 $14 {stays ahead.} Rc2 26. Nd3 Nxd3 27. Kxd3 Bf5+ 28. Ke3) 25... fxe5 {[%emt 0:03:23] CPLX 3.6 47 (Ra2-a3) (=11)} (25... Ra3+ $17 26. Nc3 fxe5 27. fxe5 Rc8 28. Bxd7 Rxc3+ 29. Ke2 Rb8) 26. fxe5 {[%emt 0:00:40] [#] MISSDEEP-Rh1-d1 59 (Rh1-d1) (=15)} (26. Rhd1 $1 $15) 26... Re8 $1 {[%emt 0:00:07] MISSDEEP-Ra2-a3 53 (Ra2-a3) (=13)} 27. Nc3 {[%emt 0:01:19] CPLX 3.8 21 (Ne2-f4) (=15)} (27. Nf4 Ra3+) 27... Ra3 {[%emt 0:01:01] MISSDEEP-Bd7xc6 103 (Bd7xc6) (=17)} (27... Rxe5+ $2 28. Kd4 Re6 29. Kxc5 $18 (29. Rxd7 $2 {leads to mate.} Nb3+ 30. Kd5 Rd2#)) ({Better is} 27... Bxc6 $17 28. Rxc6 Ra5) 28. Bxd7 {[%emt 0:00:05] EASY} Nxd7 {[%emt 0:00:08] RECAPT} (28... Rxc3+ $2 29. Kd4 Nxd7 30. Kxc3 Nxe5 31. c5 $18) 29. Rxd7 {[%emt 0:00:05] RECAPT} Rxc3+ {[%emt 0:00:03][%mdl 4096] Endgame KRR-KRR. EASY} 30. Kd4 {[%emt 0:00:05] EASY} Rc2 {[%emt 0:00:03] Strongly threatening ...Rd2+. EASY} 31. Kd3 {[%emt 0:01:04] Against Rd2+. CPLX 2.0} Ra2 {[%emt 0:00:01] MISSDEEP-Rc2-f2 202 (Rc2-f2) (=23)} (31... Rf2 $1 $11 {and Black is okay.}) 32. Rf1 $1 $18 {[%emt 0:00:53] DEEPSTRONG=>BLUNDERREACT} (32. c5 Rxe5 33. Rc1 Ra3+ 34. Kd4 Rae3 $11) 32... Rxe5 {[%emt 0:00:14] CPLX 2.2} 33. Rfxf7 {[%emt 0:00:03] Rg7+ is the strong threat. CPLX 2.3} Rxh2 {[%emt 0:00:05] EASY} 34. Rg7+ {[%emt 0:00:27] CPLX 2.5} Kf8 {[%emt 0:00:28] MISS-Kg8-h8 35 (Kg8-h8) (=22)} 35. Rdf7+ {[%emt 0:01:09] CPLX 2.5} ({Stronger than} 35. Rxh7 Rxh7 36. Rxh7 Rg5 $11) 35... Ke8 {[%emt 0:00:01] [#] LEGAL} 36. Ra7 $1 {[%emt 0:00:12][%cal Ra7a8] CPLX 2.7} ({And not} 36. Rxh7 Rxh7 37. Rxh7 Rg5 $11) 36... Kf8 {[%emt 0:00:07] [#] EASY} 37. Rxh7 $2 {[%emt 0:00:57] MISSDEEP-Rg7-f7 193 (Rg7-f7) (=16)} (37. Rgf7+ $1 $18 Kg8 38. Rfc7) 37... Rxh7 $11 {[%emt 0:00:06] RECAPT. The position is equal.} 38. Rxh7 $18 {[%emt 0:00:03] KR-KR. RECAPT} Rg5 {[%emt 0:01:22] CPLX 2.0} 39. Kd4 {[%emt 0:00:09] CPLX 2.0 0 (Rh7-a7) (=15)} Ke8 {[%emt 0:00:34] BESTDEEP} 40. c5 Kd8 41. Ra7 {[%emt 0:00:04] MISSDEEP-g3-g4 0 (g3-g4) (=15)} (41. g4 $5) 41... Kc8 {[%emt 0:00:42] BESTDEEP} 42. Kc4 {[%emt 0:00:05] CPLX 2.0 0 (g3-g4) (=15)} Kb8 {[%emt 0:00:53] BESTDEEP} 43. Rxa6 {[%emt 0:00:08] CPLX 2.1 0 (Ra7-g7) (=14)} Rxg3 {[%emt 0:00:11] CPLX 2.0} 44. Kb5 {[%emt 0:01:08] CPLX 2.0 0 (Ra6-a1) (=14)} Kb7 {[%emt 0:01:56] CPLX 2.0} 45. Rf6 Rb3+ {[%emt 0:00:12] CPLX 2.0} 46. Kc4 {[%emt 0:00:05] CPLX 2.0 0 (Kb5-a4) (=13)} Rb1 {[%emt 0:00:09] BESTDEEP} 47. Rxg6 {[%emt 0:00:04] CPLX 2.0 0 (Kc4-c3) (=13)} Rc1+ {[%emt 0:00:16] CPLX 2.0 0 (Rb1-d1) (=15)} 48. Kd4 {[%emt 0:00:10] CPLX 2.0 0 (Kc4-b3) (=13)} Rd1+ {[%emt 0:00:04] BESTDEEP} 49. Kc4 {[%emt 0:00:10] CPLX 2.0 0 (Kd4-c3) (=12)} Rc1+ {[%emt 0:00:05] Blacks defense is rewarded with a draw.  Weighted Error Value: White=0.18 (very precise) /Black=0.18 (very precise)} 1/2-1/2

[Event "ESP-chT Honor Division 2022"]
[Site "Linares"]
[Date "2022.09.20"]
[Round "4.23"]
[White "Korneev, Oleg"]
[Black "Buksa, Nataliya"]
[Result "1-0"]
[ECO "D02"]
[WhiteElo "2460"]
[BlackElo "2407"]
[Annotator "TA"]
[PlyCount "83"]
[EventDate "2022.09.17"]
[EventType "team-tourn"]
[EventCountry "ESP"]
[SourceTitle "playchess.com"]
[Source "ChessBase"]
[SourceQuality "1"]
[TimeControl "5400+30"]

1. d4 d5 2. Nf3 Nf6 3. Bf4 c5 4. e3 Nc6 5. c3 e6 6. Nbd2 cxd4 {[%emt 0:02:44] CPLX 2.2 7 (Bf8-d6) (=7)} 7. exd4 {[%emt 0:00:05] RECAPT. D02: 1 d4 d5 2 Nf3 sidelines, including 2...Nf6 3 g3 and 2...Nf6 3 Bf4.} Nh5 {[%emt 0:00:02] BESTDEEP} 8. Be3 {[%emt 0:00:12] BESTDEEP} Bd6 {[%emt 0:02:47] CPLX 2.1 0 (Nh5-f6) (=2)} 9. Ne5 {[%emt 0:00:07] The position is equal.} g6 {[%emt 0:02:35] BESTDEEP} 10. Nd3 {[%emt 0:00:19] BESTDEEP 10.Nd3 is better than 10.g4.} O-O {[%emt 0:02:55] CPLX 2.2} 11. Be2 {[%emt 0:00:08] CPLX 2.2 7 (g2-g3) (=1)} Ng7 {[%emt 0:00:24] BESTDEEP} 12. Bf4 {[%emt 0:08:01] BESTDEEP} f6 {[%emt 0:06:10] BESTDEEP} 13. Nf3 {[%emt 0:25:18] [#] Against e5. CPLX 2.2 45 (Bf4xd6) (=7)} Qc7 $146 {[%emt 0:11:29] CPLX 2.2 26 (Rf8-e8) (=4)} (13... Re8 $5 ) ({Predecessor:} 13... b6 14. Qd2 Ba6 15. O-O Bxd3 16. Bxd3 Qc7 17. Bxd6 Qxd6 18. Rfe1 Rad8 19. Bb5 Ne7 {1-0 (89) Jumabayev,R (2535)-Oparin,G (2604) Riga 2021}) 14. g3 {[%emt 0:11:15] CPLX 2.3 5 (Bf4xd6) (=7)} e5 {[%emt 0:23:25] CPLX 2.3 7 (Rf8-d8) (=4)} 15. dxe5 {[%emt 0:01:15] EASY} fxe5 {[%emt 0:00:24] RECAPT} 16. Ndxe5 {[%emt 0:06:19] RECAPT} Bxe5 {[%emt 0:00:37] RECAPT 19 (Nc6xe5) (=5)} 17. Nxe5 {[%emt 0:03:10] RECAPT} Nxe5 {[%emt 0:11:48] RECAPT} 18. Qxd5+ {[%emt 0:00:31] EASY} Qf7 $1 {[%emt 0:01:33] CPLX 3.0} 19. Qxe5 {[%emt 0:06:15] Threatens to win with Qc7. EASY} Bh3 $2 {[%emt 0:04:14] MISS-Rf8-e8 152 (Rf8-e8) (=15)} (19... Re8 $11 20. Qb5 Bd7) 20. O-O-O {[%emt 0:10:01] CPLX 2.6 64 (Qe5-c7) (=9)} (20. Qc7 $142) 20... Rae8 $16 {[%emt 0:00:44] CPLX 2.7} 21. Qb5 {[%emt 0:02:08] EASY} Rxe2 {[%emt 0:04:57] CPLX 2.8 85 (a7-a6) (=19)} 22. Qxe2 $18 {[%emt 0:00:16] Black must now prevent b3. RECAPT} Qxa2 {[%emt 0:00:02] CPLX 3.0} 23. Qe4 {[%emt 0:08:09] CPLX 3.8 48 (Qe2-b5) (=10)} (23. Qb5 $142) 23... Ne6 $16 {[%emt 0:00:09] CPLX 3.9} 24. Rd5 {[%emt 0:01:28] And now Re1 would win. CPLX 4.1 6 (f2-f3) (=10)} Nxf4 {[%emt 0:06:57] CPLX 4.3 0 (Bh3-f5) (=16)} 25. gxf4 {[%emt 0:00:13] aiming for Rc5. RECAPT} Bf5 {[%emt 0:01:56] [#] CPLX 4.1} 26. Rxf5 {[%emt 0:00:20] EASY} Rxf5 {[%emt 0:00:04][%mdl 4096] Endgame KQR-KQR. RECAPT} 27. Rd1 {[%emt 0:01:10] CPLX 2.8} ({Reject} 27. Qxb7 Rxf4 28. Re1 Qa1+ 29. Kd2 Rxf2+ 30. Re2 Rxe2+ 31. Kxe2 a5 $11) 27... Qf7 $2 {[%emt 0:01:14] This costs Black the game. RELBLUND 239 (Rf5-f7) (=24)} (27... Rf7 $16) 28. Rd8+ $18 {[%emt 0:01:09] EASY} Kg7 {[%emt 0:00:04] EASY} 29. Qd4+ {[%emt 0:01:05] CPLX 3.6} Qf6 {[%emt 0:03:48] BESTDEEP} 30. Rd7+ {[%emt 0:00:09] EASY} Kh6 {[%emt 0:00:02] EASY} 31. Qxf6 {[%emt 0:01:42] MISS-Qd4xa7 0 (Qd4xa7) (=7)} ({Less strong is} 31. Rxb7 Qxd4 32. cxd4 Rxf4 $16) 31... Rxf6 {[%emt 0:00:02] RECAPT} 32. Rxb7 {[%emt 0:01:13] CPLX 2.0} Rxf4 $2 {[%emt 0:00:05] CPLX 2.0 356 (a7-a5) (=33)} (32... a5 33. Rb5 Rxf4 34. Rxa5 Rf3) 33. Rxa7 {[%emt 0:00:09] CPLX 2.0=>BLUNDERREACT} Rxf2 {[%emt 0:00:03] KR-KR. BEVAL 400 (Kh6-g5) (=46)} 34. b4 {[%emt 0:04:03][%cal Bb2b4,Bb4b5,Bb5b6,Bb6b7][%mdl 32] BEVAL} Rf5 {[%emt 0:03:21] BEVAL 49 (Kh6-g5) (=46)} 35. c4 {[%emt 0:01:25] BEVAL} Rf4 {[%emt 0:00:44] BEVAL 129 (Kh6-g5) (=49)} 36. Rc7 {[%emt 0:00:15] BEVAL} Kg5 {[%emt 0:01:04] BEVAL 158 (Rf4-f8) (=52)} 37. b5 {[%emt 0:00:13] BEVAL} Rf1+ {[%emt 0:00:09] BEVAL} 38. Kc2 {[%emt 0:01:25] BEVAL} Rf2+ {[%emt 0:00:29] BEVAL} 39. Kc3 {[%emt 0:00:06] BEVAL} Rxh2 {[%emt 0:00:04] BEVAL 400 (Kg5-g4) (=60)} 40. b6 {[%emt 0:00:07] [#] Threatening mate with Rc5+. BEVAL} Rh1 {[%emt 0:00:01] RELBLUND 400 (Rh2-h3) (=69)} 41. b7 {[%emt 0:00:12] CPLX 2.0} Rb1 {[%emt 0:00:02] RELBLUND 0 (Rh1-h3) (=67)} 42. Rc5+ {[%emt 0:00:15] Weighted Error Value: White=0.10 (very precise) /Black=0.60} 1-0

[Event "ESP-chT Honor Division 2022"]
[Site "Linares"]
[Date "2022.09.20"]
[Round "4.24"]
[White "Llorente Zaro, Alfonso"]
[Black "Tejedor Fuente, Enrique"]
[Result "1/2-1/2"]
[ECO "A13"]
[WhiteElo "2448"]
[BlackElo "2384"]
[Annotator "ChessBase"]
[PlyCount "120"]
[EventDate "2022.09.17"]
[EventType "team-tourn"]
[EventCountry "ESP"]
[SourceTitle "playchess.com"]
[Source "ChessBase"]
[SourceQuality "1"]
[TimeControl "5400+30"]

1. c4 e6 2. Nf3 Nf6 3. d4 d5 4. cxd5 exd5 5. Nc3 c6 6. Bf4 Nbd7 7. Qc2 Nh5 8. Bg5 Be7 9. Bxe7 Qxe7 10. e3 g6 11. Be2 Ng7 12. O-O O-O 13. Na4 f5 14. Bd3 Ne6 15. Rfe1 Rb8 16. Rac1 b5 17. Nc3 Bb7 18. Ne2 Ng7 19. a4 a6 20. h4 Rf6 21. Nf4 Rd6 22. Bf1 Rf8 23. axb5 axb5 24. Ra1 Ra8 25. Rxa8+ Bxa8 26. Ra1 Qd8 27. Qc3 Ne6 28. Qa3 Nb6 29. Nxe6 Rxe6 30. Qc5 Nd7 31. Qa7 Re8 32. h5 Qc8 33. h6 Qb7 34. Ng5 Nf6 35. f3 Nd7 36. Qxb7 Bxb7 37. Ra7 Rb8 38. Kf2 Nb6 39. Ke2 Nc8 40. Ra3 Nd6 41. Kd2 Nf7 42. Nxf7 Kxf7 43. Ra7 Ke6 44. f4 Kd6 45. Be2 Kc7 46. g4 Kb6 47. Ra1 Bc8 48. Rg1 Bd7 49. gxf5 Bxf5 50. Bg4 Rf8 51. Be2 Kc7 52. Ra1 Kb7 53. Rg1 Kc7 54. Ra1 Kb7 55. Rg1 Kc7 56. Bf3 Ra8 57. Kc3 Re8 58. Kd2 Ra8 59. Kc3 Re8 60. Kd2 Ra8 1/2-1/2

[Event "ESP-chT Honor Division 2022"]
[Site "Linares"]
[Date "2022.09.21"]
[Round "5.1"]
[White "Kryvoruchko, Yuriy"]
[Black "Shirov, Alexei"]
[Result "1/2-1/2"]
[ECO "C67"]
[WhiteElo "2669"]
[BlackElo "2673"]
[Annotator "TA"]
[PlyCount "80"]
[EventDate "2022.09.17"]
[EventType "team-tourn"]
[EventCountry "ESP"]
[SourceTitle "playchess.com"]
[Source "ChessBase"]
[SourceQuality "1"]
[TimeControl "5400+30"]

1. e4 e5 2. Nf3 Nc6 3. Bb5 Nf6 4. O-O Nxe4 5. Re1 Nd6 6. Nxe5 Be7 7. Bf1 Nxe5 8. Rxe5 O-O 9. d4 Bf6 10. Re1 Nf5 {[%emt 0:03:16] C67: Ruy Lopez: Berlin Defence: 4 0-0 Nxe4.} 11. d5 Re8 12. Nd2 Rxe1 13. Qxe1 d6 (13... b6 $5 ) 14. Ne4 Bd4 15. c3 Bb6 16. Bf4 {[%emt 0:00:46] [#]} Ne7 $146 ({Predecessor:} 16... Bd7 17. Bd3 Ne7 18. c4 Ng6 19. Bg5 Qf8 20. Qc3 f5 21. Nd2 Ne5 22. Bf4 Re8 {0-1 (39) Durarbayli,V (2616)-Baryshpolets,A (2538) Cleveland 2015}) 17. c4 Ng6 18. Be3 Bf5 19. Nc3 Qe7 20. Bxb6 $1 Qxe1 ({Much less strong is} 20... cxb6 21. Nb5 $16) 21. Rxe1 axb6 22. g3 Ne5 {[%emt 0:09:11] [#] ...Nf3+ is the strong threat.} 23. Re3 {[%emt 0:01:08] Inhibits Nf3+.} g5 24. a3 Kg7 25. Nb5 Bd7 26. Nd4 f5 27. f4 gxf4 28. gxf4 Ng6 29. Bd3 Kf6 30. Ne2 c6 31. dxc6 bxc6 {[%emt 0:00:30] The position is equal.} 32. Kf2 Be6 33. Rh3 Ra7 34. Rh5 c5 35. Rh3 d5 36. cxd5 Bxd5 37. Bxf5 Kxf5 38. Rh5+ Ke6 {[%emt 0:00:11] [#] Threatens to win with ...Rf7.} 39. f5+ Kd6 {[%emt 0:00:07] And now ...Rf7 would win.} 40. fxg6 hxg6 {[%emt 0:00:09] Weighted Error Value: White=0.05 (flawless) /Black=0.05 (flawless)} 1/2-1/2

[Event "ESP-chT Honor Division 2022"]
[Site "Linares"]
[Date "2022.09.21"]
[Round "5.2"]
[White "Alekseenko, Kirill"]
[Black "Anton Guijarro, David"]
[Result "0-1"]
[ECO "C55"]
[WhiteElo "2707"]
[BlackElo "2662"]
[Annotator "TA"]
[PlyCount "180"]
[EventDate "2022.09.17"]
[EventType "team-tourn"]
[EventCountry "ESP"]
[SourceTitle "playchess.com"]
[Source "ChessBase"]
[SourceQuality "1"]
[TimeControl "5400+30"]

1. e4 e5 2. Nf3 Nc6 3. Bc4 Nf6 4. d3 Be7 5. Nc3 d6 6. a3 O-O 7. O-O h6 8. Re1 Re8 9. h3 Bf8 10. Be3 a6 11. Nd5 Nxd5 12. Bxd5 Ne7 13. Ba2 Ng6 14. d4 exd4 15. Bxd4 Be6 16. Bd5 c6 17. Bxe6 Rxe6 18. c4 Qd7 19. Bc3 Qe7 20. Qb3 c5 $1 21. Qc2 Re8 22. Nd2 Nf4 23. Kh2 d5 (23... Qg5 24. g3 $11) 24. cxd5 ({Don't blunder} 24. g3 $2 d4 25. Ba5 (25. gxf4 $2 Qh4 $19) 25... b6 $19) 24... Nxd5 25. Rad1 b5 (25... Nxc3 $15 {was preferrable.} 26. bxc3 Qc7+ 27. Kh1 Qf4) 26. Nb1 $11 Nf4 27. g3 Ng6 28. Nd2 Qc7 29. Nf3 Qb7 30. Rd5 c4 31. h4 Ne7 32. Rdd1 Nc8 33. Rd5 (33. Nd2 $11) 33... Nb6 $15 34. Re5 Rxe5 35. Bxe5 (35. Nxe5 $142 Na4 36. Bd4) 35... Nd7 36. Bd4 Nc5 37. Bxc5 Bxc5 38. Kg2 Rd8 39. Qc1 Qb6 40. Re2 $1 Qf6 41. Rd2 Qe7 42. Re2 Rd3 43. Qf4 Qf6 (43... Qe6 $15) 44. Qg4 Qe6 45. Qf4 Bd6 46. e5 $1 Bc5 47. Re4 Kh7 ({Black should play} 47... c3 $17 48. bxc3 Rxc3) 48. h5 $11 Kg8 49. Nh4 ({White should try} 49. a4 $15) 49... c3 $17 50. bxc3 Rxc3 51. Nf5 Rc4 ({Weaker is} 51... Bxa3 52. Rd4 Qe8 53. Qg4) (51... Rxa3 $17 {...Ra2 is the strong threat.} 52. Nd4 Bxd4 53. Rxd4 Qe8) 52. Qf3 $2 (52. Qg4 $1 $11 {and White stays safe.} Bf8 53. Rxc4 bxc4 54. Qe4) 52... Rxe4 $1 $19 53. Qxe4 Bxa3 54. Nd4 {[%emt 0:00:44] [#]} Qc4 $1 55. Qa8+ Bf8 56. Nc6 Kh7 57. Na5 Qb4 58. Qc8 Qe4+ 59. Kh2 $2 (59. f3 {was forced.} Qb4 60. Qc2+ Kg8 61. Qa2) 59... Ba3 60. Qd7 Qf3 61. Qd4 Qxh5+ 62. Kg2 Qf5 63. Nb7 Be7 64. Nd6 Qe6 65. f4 g6 66. Qd3 $2 (66. Qb6) 66... h5 $19 67. Qd4 $2 (67. Kf2) 67... a5 $19 68. Kh2 b4 69. Qd3 b3 70. f5 gxf5 71. Nxf5 Qg6 72. Qf3 Bg5 73. e6 Qxe6 74. Nd4 Qf6 75. Qd3+ Qg6 (75... Kg7 $142 76. Nxb3 a4) 76. Qxb3 $19 Be7 77. Qd5 (77. Nb5 $142) 77... a4 $19 78. Nf5 Bf6 79. Nd6 a3 80. Nxf7 Qc2+ 81. Kh3 a2 82. Nd6 a1=Q 83. Qxh5+ Kg7 84. Nf5+ Kf8 85. Qh6+ Bg7 86. Qd6+ Kf7 87. Qe7+ {[%emt 0:01:19] [#]} Kg6 $1 ({Worse is} 87... Kg8 88. Qe8+ Bf8 89. Qg6+ Qg7 90. Nh6+ Kh8 91. Nf7+ Kg8 92. Nh6+ Kh8 93. Nf7+ Qxf7 94. Qxf7 $15) 88. Qe8+ Kxf5 89. Qh5+ Kf6 90. Qh4+ Kf7 0-1

[Event "ESP-chT Honor Division 2022"]
[Site "Linares"]
[Date "2022.09.21"]
[Round "5.3"]
[White "Kuzubov, Yuriy"]
[Black "Korobov, Anton"]
[Result "1/2-1/2"]
[ECO "A50"]
[WhiteElo "2627"]
[BlackElo "2671"]
[Annotator "TA"]
[PlyCount "41"]
[EventDate "2022.09.17"]
[EventType "team-tourn"]
[EventCountry "ESP"]
[SourceTitle "playchess.com"]
[Source "ChessBase"]
[SourceQuality "1"]
[TimeControl "5400+30"]

1. d4 Nf6 2. c4 g6 3. f3 Nc6 4. Nc3 d5 5. cxd5 Nxd5 6. e4 {[%emt 0:00:06] E60: King's Indian: Unusual lines and Fianchetto Variation without Nc3.} Nxc3 {[%emt 0:00:35] The position is equal.} 7. bxc3 e5 8. Bb5 Bd7 {[%emt 0:03:39] [#]} 9. Rb1 $146 ({Predecessor:} 9. Ne2 Bg7 10. Be3 O-O 11. d5 Na5 12. Bd3 Qe7 13. O-O c5 14. c4 b6 15. Nc3 {0-1 (47) Nikolov,M (2585)-Mchedlishvili,M (2609) Baku 2016}) 9... a6 10. Bc4 Qh4+ 11. g3 Qf6 12. Ne2 exd4 13. cxd4 Qxf3 14. Rf1 Qxe4 {[%emt 0:00:48] [#] Hoping for ...0-0-0.} 15. Bxf7+ Kd8 {[%emt 0:01:57] aiming for ...Kc8.} 16. Bg5+ $1 Be7 17. Rf4 $1 Qg2 $132 {[%emt 0:04:21][%mdl 2048] Black puts up resistance} 18. Rf2 {[%emt 0:02:03] Dancing on a razor blade.} Qe4 19. Rf4 Qg2 20. Rf2 Qe4 21. Rf4 {[%emt 0:00:06] An even fight not without its subleties.  Weighted Error Value: White=0.08 (flawless) /Black=0.07 (flawless)} 1/2-1/2

[Event "ESP-chT Honor Division 2022"]
[Site "Linares"]
[Date "2022.09.21"]
[Round "5.4"]
[White "Alonso Rosell, Alvar"]
[Black "Forcen Esteban, Daniel"]
[Result "1-0"]
[ECO "D37"]
[WhiteElo "2564"]
[BlackElo "2580"]
[Annotator "TA"]
[PlyCount "59"]
[EventDate "2022.09.17"]
[EventType "team-tourn"]
[EventCountry "ESP"]
[SourceTitle "playchess.com"]
[Source "ChessBase"]
[SourceQuality "1"]
[TimeControl "5400+30"]

1. d4 e6 2. c4 d5 3. Nf3 Nf6 4. Nc3 dxc4 5. e4 b5 6. e5 {[%emt 0:00:07] D24: Queen's Gambit Accepted: 3 Nf3 Nf6 4 Nc3.} Nd5 7. Nxb5 Nb6 8. Be2 {[%emt 0:05:22] White is slightly better.} Nc6 9. Be3 Bb7 10. a3 Qd7 11. Nc3 Be7 12. Qc2 h6 {[%emt 0:19:43] [#]} 13. Rd1 $146 ({Predecessor:} 13. h4 Na5 14. Rd1 Nd5 15. Bd2 Nb6 16. Rh3 O-O-O 17. Be3 Nd5 18. Bc1 g5 19. hxg5 hxg5 20. Nxg5 {1-0 (45) Nesterov,A (2491)-Shemyakinskiy,N (1955) St Petersburg 2021}) 13... g5 $2 {[%emt 0:11:00] Black cannot hold the game after this.} (13... Na5 $14) 14. d5 $1 $18 Nxd5 15. Bxc4 O-O-O 16. Nxd5 exd5 17. Bxd5 (17. Rxd5 Nb4 $1 18. axb4 Bxd5 $11) 17... g4 18. O-O gxf3 19. Bxf3 Qe6 20. Rc1 {[%emt 0:00:20] Hoping for Qa4. Chess con chili.} Rd5 {[%emt 0:00:42] [#]} 21. Qc4 $1 {[%emt 0:00:22][%mdl 64] Pin} ({Weaker is} 21. Bxd5 Qxd5 22. f4 Rg8 $14) 21... Rxe5 {[%emt 0:01:54] Threatens to win with ...Qxc4.} 22. Bxc6 Bxc6 23. Qxc6 Qxc6 24. Rxc6 {[%emt 0:00:03] Strongly threatening Bd4.} Rb5 25. Rfc1 ({Not} 25. Bxa7 Kb7 26. Bd4 Kxc6 $16) 25... Bd8 26. Bxh6 Kb7 27. Bf4 Re8 28. Bxc7 Bg5 29. f4 Be7 30. Be5 {[%emt 0:00:11] Weighted Error Value: White=0.03 (flawless) /Black=0.25 (precise)} 1-0

[Event "ESP-chT Honor Division 2022"]
[Site "Linares"]
[Date "2022.09.21"]
[Round "5.5"]
[White "Buksa, Nataliya"]
[Black "Henderson de La Fuente, Lance"]
[Result "1/2-1/2"]
[ECO "C50"]
[WhiteElo "2407"]
[BlackElo "2504"]
[Annotator "TA"]
[PlyCount "92"]
[EventDate "2022.09.17"]
[EventType "team-tourn"]
[EventCountry "ESP"]
[SourceTitle "playchess.com"]
[Source "ChessBase"]
[SourceQuality "1"]
[TimeControl "5400+30"]

1. e4 e5 2. Nf3 Nc6 3. Bc4 Bc5 4. Nc3 Nf6 5. d3 h6 6. a3 d6 {[%emt 0:01:43] C50: Hungarian Defence and Giuoco Pianissimo.} 7. Be3 {[%emt 0:00:05] 7.Na4 gains popularity.} Bb6 8. h3 Be6 9. Qd2 O-O 10. Bxe6 fxe6 {[%emt 0:00:24] [#]} 11. d4 $146 ({Predecessor:} 11. g4 Nxe4 12. Nxe4 Rxf3 13. O-O-O Qh4 14. Bxb6 axb6 15. Rdf1 Raf8 16. Kb1 d5 17. Ng3 Nd4 18. Ka2 Qf6 19. Nh5 Qf7 {½-½ (19) Chatila,A-Jawhar,O Beirut 2012}) 11... exd4 12. Nxd4 Nxd4 13. Bxd4 Nh5 14. Bxb6 axb6 15. O-O-O Qf6 16. Rhf1 Qf4 17. Kb1 Qxd2 18. Rxd2 Nf4 19. Rg1 g5 20. f3 Rf7 21. Ne2 Kg7 22. Kc1 Kf6 23. Nc3 h5 24. Nd1 Rg8 25. Ne3 Ke7 26. Kd1 Ng6 27. Rf2 Rgf8 28. Ke2 b5 29. Rd1 Ne5 30. Rdf1 Ng6 31. Rd1 c6 32. Kf1 Ne5 33. Rdd2 Rf4 34. Kg1 d5 35. exd5 cxd5 36. Rfe2 {[%emt 0:02:32][%cal Oe3d5] The position is equal.} Kd6 37. c3 Nc4 38. Rd1 Ne5 39. Rde1 {[%emt 0:02:43] [#] Hoping for Nc2.} Nd3 40. Rd1 Nc5 41. Kh2 Nd7 42. Kg3 Ne5 43. Rde1 {[%emt 0:00:39] Black must now prevent Nc2.} Nd3 44. Rd1 Ne5 45. Rde1 {[%emt 0:00:03] Strongly threatening Nc2.} Nd3 46. Rd1 Ne5 {[%emt 0:00:13] Weighted Error Value: White=0.09 (flawless) /Black=0.07 (flawless)} 1/2-1/2